 Dungeon Crawl Stone Soup version 0.31-a0-1074-g0b22e4e0f1 (webtiles) character file.

Game seed: 15760948526837516499

10 DarkWraith the Firebug (level 2, -1/15 HPs)
             Began as a Deep Elf Fire Elementalist on Dec 6, 2023.
             Was an Initiate of Ru.
             Slain by a jackal (2 damage)
             ... on level 1 of the Dungeon.
             The game lasted 00:05:46 (291 turns).

DarkWraith the Firebug (Deep Elf Fire Elementalist)  Turns: 291, Time: 00:05:47

Health: -1/15      AC:  8    Str: 11    XL:     2   Next: 10%
Magic:  8/8        EV:  6    Int: 19    God:    Ru [......]
Gold:   7          SH:  0    Dex: 15    Spells: 6/7 levels left

rFire   . . .        e - +0 mace
rCold   . . .        (no shield)
rNeg    . . .        d - +0 chain mail
rPois   .            (no helmet)
rElec   .            (no cloak)
rCorr   .            (no gloves)
SInv    .            (no boots)
Will    .....        (no amulet) Stlth
                     c - +6 ring of strength
HPRegen 0.22/turn    (no ring)
MPRegen 0.11/turn

%: no passive effects
@: no status effects
A: no striking features
a: Renounce Religion, Sacrifice Skill, Sacrifice Arcana, Sacrifice a Hand,
Reject Sacrifices


You were on level 1 of the Dungeon.
You worshipped Ru.
Ru was noncommittal.
You visited 1 branch of the dungeon, and saw 1 of its levels.

You collected 7 gold pieces.

Inventory:

Hand Weapons
 e - a +0 mace (weapon)
 f - a +0 dagger
Missiles
 g - 3 stones
Armour
 a - a +0 robe
 d - a +0 chain mail (worn)
Jewellery
 c - a +6 ring of strength (left hand)
Talismans
 h - a beast talisman
Potions
 b - a potion of magic


   Skills:
 + Level 0.1 Fighting
 + Level 0.1 Armour
 + Level 2.5 Dodging
 + Level 2.6 Stealth
 + Level 0.2 Unarmed Combat
 + Level 3.0 Spellcasting
 + Level 1.1 Conjurations
 + Level 3.6 Fire Magic


You had 6 spell levels left.
You knew the following spells:

 Your Spells              Type           Power      Damage    Failure   Level
a - Foxfire               Conj/Fire      44%        2x1d6     91%         1

Your spell library contained the following spells:

 Spells                   Type           Power      Damage    Failure   Level
 Scorch                   Fire           32%        2d6       89%         2
 Inner Flame              Hex/Fire       9%         N/A       100%        3
 Volatile Blastmotes      Fire/Tloc      18%        2d11      100%        3
 Flame Wave               Conj/Fire      11%        2d6       100%        4


Dungeon Overview and Level Annotations

Branches:
Dungeon (1/15)

Altars:
Ru


Message History

The jackal bites you but does no damage.
The frilled lizard bites you but does no damage.
You closely miss the frilled lizard.
The jackal bites you but does no damage. x2
The jackal bites you. The frilled lizard bites you.
You barely miss the frilled lizard. The jackal barely misses you.
The jackal bites you but does no damage.
The jackal closely misses you. The frilled lizard barely misses you.
The jackal closely misses you.
You hit the frilled lizard.
You kill the frilled lizard!
The jackal bites you but does no damage. x2
The jackal closely misses you.
The jackal bites you but does no damage.
The jackal bites you but does no damage. x2
The jackal barely misses you. x2
Things that are here:
a frilled lizard corpse; a jackal corpse; a jackal corpse You closely miss the jackal.
The jackal bites you but does no damage.
The jackal barely misses you.
The jackal bites you but does no damage. x2
You closely miss the jackal. The jackal bites you.
The jackal bites you but does no damage. x2
The jackal closely misses you.
You hit the jackal but do no damage. The jackal bites you.
* * * LOW HITPOINT WARNING * * *
The jackal bites you but does no damage.
The jackal bites you.
* * * LOW HITPOINT WARNING * * *
You barely miss the jackal.
The jackal bites you but does no damage.
The jackal barely misses you. The jackal closely misses you.
The jackal bites you but does no damage.
You closely miss the jackal.
The jackal bites you but does no damage. x2
The jackal bites you.
* * * LOW HITPOINT WARNING * * *
The jackal bites you.
You die...

## ##>#######
#........############
#...h................
#..!@....############
#...h....#
#............
#.............
....#####...... ####.
#...... .. #...... #.
##. ...... #. #.


You could see 2 jackals.

Vanquished Creatures
  A bat (D:1)
  2 giant cockroaches (D:1)
  A goblin (D:1)
  2 jackals (D:1)
  3 frilled lizards (D:1)
9 creatures vanquished.

Notes
Turn   | Place    | Note
-------+----------+-------------------------------------------
     0 | D:1      | DarkWraith the Deep Elf Fire Elementalist began the quest
                  | for the Orb.
     0 | D:1      | Reached XP level 1. HP: 10/10 MP: 6/6
   150 | D:1      | Found a faded altar of an unknown god.
   176 | D:1      | Prayed at the altar of an unknown god.
   176 | D:1      | Became a worshipper of Ru the Awakened
   281 | D:1      | Reached XP level 2. HP: 8/15 MP: 8/8
   291 | D:1      | Slain by a jackal

Illustrated notes

Levels and vault maps discovered:
D:1:      dpeg_arrival_boxes_within_box, layout_basic,
          shapermc_ecumenical_altar_ellora, minivault_27

Action                     || total
---------------------------++-------
  Melee: Unarmed           ||    49
         Mace              ||    21
    Use: Scroll            ||     1
         Potion            ||     1
 Armour: Chain mail        ||    78
         Robe              ||    12
  Dodge: Dodged            ||    34

Table legend: (Time is in decaauts)
 A = Elapsed time spent in this place.
 B = Non-inter-level travel time spent in this place.
 C = Inter-level travel time spent in this place.
 D = Time resting spent in this place.
 E = Time spent auto-exploring this place.
 F = Levels seen in this place.
 G = Mean time per level.
                   A        B        C        D        E       F      G
               +--------+--------+--------+--------+--------+-----+--------+
         Total |    297 |    173 |    124 |      0 |      0 |   1 |  297.0 |
       Dungeon |    297 |    173 |    124 |      0 |      0 |   1 |  297.0 |
               +--------+--------+--------+--------+--------+-----+--------+

Top non-repeatable levels by time:
     D:1: 297 daAuts
